 Dungeon Crawl Stone Soup version 0.27-a0-1051-g288ea87c7c (webtiles) character file.

Game seed: 16075920469168451908

674 HendSelp the Cruncher (level 7, -4/56 HPs)
             Began as a Minotaur Gladiator on Apr 20, 2021.
             Was an Initiate of Gozag.
             Slain by Prince Ribbit (17 damage)
             ... on level 5 of the Dungeon.
             The game lasted 00:04:21 (5185 turns).

HendSelp the Cruncher (Minotaur Gladiator)          Turns: 5185, Time: 00:04:22

Health: -4/56      AC:  3    Str: 21    XL:     7   Next: 33%
Magic:  6/6        EV: 12    Int:  5    God:    Gozag
Gold:   408        SH:  0    Dex: 11    Spells: 6/6 levels left

rFire    . . .     SeeInvis +   a - +0 quarterstaff
rCold    . . .     Faith    .   (shield currently unavailable)
rNeg     . . .     Spirit   .   b - +0 leather armour
rPois    +         Reflect  .   c - +0 hat
rElec    .         Harm     .   (no cloak)
rCorr    .         Rampage  .   (no gloves)
Will     .....                  (no boots)
Stlth    +.........             (no amulet)
HPRegen  0.18/turn              f - ring of poison resistance
MPRegen  0.10/turn              l - ring of see invisible

@: gold aura
A: horns 2, retaliatory headbutt
a: Renounce Religion, Potion Petition, Call Merchant, Bribe Branch


You were on level 5 of the Dungeon.
You worshipped Gozag.
Gozag was aware of your devotion.
You visited 1 branch of the dungeon, and saw 5 of its levels.

You collected 440 gold pieces.
You paid 32 gold pieces to Gozag.

Inventory:

Hand Weapons
 a - a +0 quarterstaff (weapon)
Armour
 b - a +0 leather armour (worn)
 c - a +0 hat (worn)
Jewellery
 f - a ring of poison resistance (left hand)
 l - a ring of see invisible (right hand)
Wands
 n - a wand of mindburst (11)
Scrolls
 g - a scroll of summoning
 k - a scroll of immolation
 o - a scroll of vulnerability {unknown}
Potions
 e - 2 potions of mutation
 h - 2 potions of lignification
 i - a potion of curing
 j - a potion of cancellation {unknown}
 m - a potion of might {unknown}


   Skills:
 - Level 2.4 Fighting
 + Level 10.2 Staves
 - Level 2.0 Throwing
 - Level 3.2 Dodging


You had 6 spell levels left.
You didn't know any spells.
Your spell library was empty.

Dungeon Overview and Level Annotations

Branches:
Dungeon (5/15)
 Temple: D:4-7

Altars:
Ashenzari
Gozag
Makhleb
Okawaru
Qazlal
Xom

Annotations:
D:5 Prince Ribbit


Innate Abilities, Weirdness & Mutations

You have a pair of horns on your head.
You reflexively headbutt those who attack you in melee.


Message History

Throw: 2 throwing nets
Press: ? - help, Q - select action, (/) - cycle Shift-Dir - straight line, f - Prince Ribbit
Aim: Prince Ribbit (34% to hit)
You throw a throwing net.
The throwing net closely misses Prince Ribbit.
Edmund hits you with a +2 flail of protection!
Prince Ribbit barely misses you.
Unknown command.
Throw: throwing net
Press: ? - help, Q - select action, (/) - cycle Shift-Dir - straight line, f - Edmund, p - Prince Ribbit
Aim: Edmund, wielding a +2 flail of protection and wearing a +0 scale mail (61% to hit)
You throw a throwing net. The throwing net hits Edmund.
Edmund is caught in the net!
Prince Ribbit hits you!
* * * LOW HITPOINT WARNING * * *
Edmund struggles against the net.
Unknown command.
As you read the scroll of summoning, it crumbles to dust.
Wisps of shadow whirl around you... Prince Ribbit closely misses you.
Edmund struggles against the net.
Prince Ribbit barely misses you. You furiously retaliate!
You headbutt Prince Ribbit.
Unknown command.
You sock Edmund! You headbutt Edmund, but do no damage.
Edmund is moderately wounded.
Edmund struggles against the net.
Prince Ribbit barely misses you.
Your hound skeleton bites Edmund but does no damage.
Your adder bites Prince Ribbit.
Unknown command.
You sock Edmund! You headbutt Edmund.
Edmund is heavily wounded.
Your ogre hits Edmund with a +0 giant club!!
Prince Ribbit barely misses you. You furiously retaliate!
You headbutt Prince Ribbit!
Edmund struggles against the net.
Your adder misses Prince Ribbit.
Your hound skeleton bites Edmund but does no damage.
You hit Edmund.
You kill Edmund!
Prince Ribbit hits you!
You die...
Your body crumbles into a pile of gold.

#..............#.#
#.......##
###########......#
#.......# ##...###
#.......# #...#
##......# #...#
#.#.#.## #>..#
#.#...#
#.#####...#####
...............
...!...@.S.....
......Z$F......
..###.#O...#### .
#?#...(# #.#....#
#.#....# #....#
......


You could see Prince Ribbit (ally target), a friendly ogre (summoned), a
friendly adder (summoned) and a friendly hound skeleton (summoned).

Vanquished Creatures
  Edmund (D:5)
  A sky beast (D:5)
  3 scorpions (D:4)
  A crimson imp (D:3)
  2 hounds
  A centaur skeleton (D:2)
  A gnoll shaman (D:2)
  An iguana (D:4)
  Jessica (D:2)
  7 gnolls
  4 adders
  An adder skeleton (D:4)
  A worm (D:2)
  A dart slug (D:1)
  8 orcs
  6 endoplasms
  3 giant cockroaches
  7 goblins
  8 hobgoblins
  5 jackals (D:2)
  8 kobolds
  4 quokkas
  9 ball pythons
  5 bats
  4 frilled lizards
  6 rats
99 creatures vanquished.

Notes
Turn   | Place    | Note
-------+----------+-------------------------------------------
     0 | D:1      | HendSelp the Minotaur Gladiator began the quest for the
                  | Orb.
     0 | D:1      | Reached XP level 1. HP: 18/18 MP: 0/0
    71 | D:1      | Reached skill level 4 in Staves
   163 | D:1      | Reached XP level 2. HP: 22/25 MP: 1/1
   284 | D:1      | Found a faded altar of an unknown god.
   588 | D:1      | Reached skill level 5 in Staves
   908 | D:2      | Reached XP level 3. HP: 13/30 MP: 2/2
  1116 | D:2      | Reached XP level 4. HP: 19/37 MP: 3/3
  1128 | D:2      | Reached skill level 6 in Staves
  1677 | D:2      | Reached XP level 5. HP: 29/42 MP: 4/4
  1682 | D:2      | Reached skill level 7 in Staves
  1883 | D:2      | Noticed Jessica
  1889 | D:2      | Killed Jessica
  2445 | D:3      | Found a burning altar of Makhleb.
  2445 | D:3      | Found a shimmering altar of Xom.
  2894 | D:3      | Found an iron altar of Okawaru.
  3073 | D:3      | Found an opulent altar of Gozag.
  3083 | D:3      | Became a worshipper of Gozag Ym Sagoz the Greedy
  3218 | D:4      | Reached skill level 8 in Staves
  3305 | D:4      | Reached XP level 6. HP: 26/50 MP: 5/5
  3631 | D:4      | Found a broken altar of Ashenzari.
  3926 | D:4      | Reached skill level 9 in Staves
  4311 | D:4      | Found a stormy altar of Qazlal.
  4643 | D:4      | Reached XP level 7. HP: 53/56 MP: 6/6
  4880 | D:5      | Entered Level 5 of the Dungeon
  5102 | D:5      | Reached skill level 10 in Staves
  5173 | D:5      | Noticed Edmund
  5175 | D:5      | Noticed Prince Ribbit
  5185 | D:5      | Killed Edmund
  5185 | D:5      | Slain by Prince Ribbit

Illustrated notes

Levels and vault maps discovered:
D:1:      dpeg_arrival_erosion, layout_rooms, chequers_ecumenical_altar_twisty,
          st_stairs_11, hex_large, corexii_hall_statues_deadend,
          serial_bayou_pond_c
D:2:      layout_loops_ring, uniq_jessica
D:3:      layout_rooms, grunt_temple_overflow_champion_of_chaos,
          lemuel_crystal_altar, lemuel_round_altar, small_statue_intersection
D:4:      layout_basic, nicolae_ashenzari_panopticon, old_standard_altar,
          chequers_serial_rivers_small_3, nrook_mini_backslash, grunt_decor_cap
D:5:      layout_loops_cross, temple_hall, uniq_edmund, uniq_prince_ribbit1

Skill      XL: |  1  2  3  4  5  6  7 |
---------------+----------------------+-----
Staves         | 4 5 6 8 9 10 | 10.2
Fighting       | |  2.4
Throwing       | |  2.0
Dodging        | |  3.2

Action                   |  1- 3 |  4- 6 |  7- 9 || total
-------------------------+-------+-------+-------++-------
Melee: Quarterstaff      |    44 |   157 |    22 ||   223
       Headbutt          |     6 |    31 |     6 ||    43
Throw: Throwing net      |       |     6 |     2 ||     8
  Use: Scroll            |     4 |     3 |     2 ||     9
Armor: Leather armour    |     6 |    23 |       ||    29
Dodge: Dodged            |    33 |    93 |    15 ||   141

Table legend: (Time is in decaauts)
 A = Elapsed time spent in this place.
 B = Non-inter-level travel time spent in this place.
 C = Inter-level travel time spent in this place.
 D = Time resting spent in this place.
 E = Time spent auto-exploring this place.
 F = Levels seen in this place.
 G = Mean time per level.
                   A        B        C        D        E       F      G
               +--------+--------+--------+--------+--------+-----+--------+
         Total |   5181 |   5075 |    106 |    102 |   4360 |   5 | 1036.2 |
       Dungeon |   5181 |   5075 |    106 |    102 |   4360 |   5 | 1036.2 |
               +--------+--------+--------+--------+--------+-----+--------+

Top non-repeatable levels by time:
     D:4: 1688 daAuts
     D:2: 1502 daAuts
     D:1: 902 daAuts
     D:3: 786 daAuts
     D:5: 301 daAuts
